 Dungeon Crawl Stone Soup version 0.31-a0-1074-g0b22e4e0f1 (webtiles) character file.

Game seed: 16395486928594963371

54 backslashecho the Trooper (level 3, -3/29 HPs)
             Began as a Mummy Fighter on Dec 8, 2023.
             Slain by a gnoll
             ... wielding a +0 halberd
              (10 damage)
             ... on level 2 of the Dungeon.
             The game lasted 00:02:56 (1580 turns).

backslashecho the Trooper (Mummy Fighter)           Turns: 1580, Time: 00:02:56

Health: -3/29      AC:  6    Str: 21    XL:     3   Next: 66%
Magic:  3/3        EV:  9    Int:  7    God:
Gold:   113        SH:  4    Dex: 11    Spells: 2/2 levels left

rFire   x . .        a - +0 flail
rCold   + . .        c - +0 buckler
rNeg    + + +        b - +0 scale mail
rPois   ∞            (no helmet)
rElec   .            (no cloak)
rCorr   .            (no gloves)
SInv    .            (no boots)
Will    .....        (no amulet) Stlth
                     (no ring)
HPRegen 0.24/turn    (no ring)
MPRegen 0.08/turn

%: faith
@: no status effects
A: cold resistance 1, negative energy resistance 3, torment resistance 2, heat
vulnerability 1, in touch with death 1, no potions, faith
a: no special abilities


You were on level 2 of the Dungeon.
You visited 1 branch of the dungeon, and saw 3 of its levels.

You collected 113 gold pieces.

Inventory:

Hand Weapons
 a - a +0 flail (weapon)
Missiles
 h - 2 throwing nets
Armour
 b - a +0 scale mail (worn)
 c - a +0 buckler (worn)
Scrolls
 d - a scroll of identify {unknown}
 e - a scroll of poison {unknown}
 f - a scroll of noise {unknown}
 i - a scroll of enchant weapon {unknown}
 j - 3 scrolls of teleportation {unknown}
 k - a scroll of enchant armour {unknown}


   Skills:
 + Level 3.4 Fighting
 * Level 2.6 Maces & Flails
 - Level 2.4 Armour
 + Level 2.8 Shields


You had 2 spell levels left.
You didn't know any spells.
Your spell library was empty.

Dungeon Overview and Level Annotations

Branches:
Dungeon (3/15)

Altars:

Shops:
D:1 !


Innate Abilities, Weirdness & Mutations

You are immune to poison.
Your flesh is cold resistant. (rC+)
You are immune to negative energy. (rN+++)
You are immune to unholy pain and torment.
You are vulnerable to heat. (rF-)
You are in touch with the powers of death.
You do not drink.
You have a special connection with the divine. (Faith)


Message History

The gnoll is almost dead.
The gnoll hits you but does no damage. You block the gnoll's attack.
You sock the gnoll!
You kill the gnoll!
No target in view!
Things that are here:
a +0 whip; a gnoll corpse
Things that are here:
a +0 dagger; a +0 sling; a +0 dagger
Things that are here:
a +0 whip; a gnoll corpse A ball python comes into view.
The ball python hisses angrily.
The ball python bites you but does no damage.
The ball python barely misses you.
You hit the ball python.
The ball python is severely wounded.
The ball python misses you. The ball python grabs you.
The ball python constricts you.
You barely miss the ball python.
The ball python is severely wounded.
The ball python barely misses you. The ball python constricts you.
The ball python bites you but does no damage.
The ball python constricts you.
You take 1 damage, and have 28/29 hp.
You barely miss the ball python.
The ball python is severely wounded.
The ball python barely misses you. The ball python constricts you.
Health restored: 29 You hit the ball python.
You kill the ball python!
You see here a ball python corpse.
No target in view!
No target in view!
No target in view!
A gnoll is nearby!
A gnoll is nearby!
The gnoll shouts!
You throw a poisoned dart. The poisoned dart hits the gnoll.
You throw a poisoned dart. The poisoned dart hits the gnoll.
The gnoll hits you from afar with a +0 halberd!
You take 13 damage, and have 16/29 hp.
MASSIVE DAMAGE!!
You throw a poisoned dart.
The poisoned dart closely misses the gnoll.
The gnoll hits you from afar with a +0 halberd!
* * * LOW HITPOINT WARNING * * *
You take 9 damage, and have 7/29 hp.
MASSIVE DAMAGE!!
The gnoll attacks as it pursues you!
The gnoll hits you from afar with a +0 halberd!
You die...

###
.(#
#(#
#(#
#g#
#.#
#@#
#.#
#.##
#..#
##.#
#.#
#.#
#.#
..
#.#


You could see a gnoll.

Vanquished Creatures
  An adder (D:2)
  A gnoll (D:2)
  A worm (D:2)
  An endoplasm (D:2)
  3 giant cockroaches (D:2)
  4 goblins
  7 hobgoblins
  4 ball pythons
  3 frilled lizards
  3 kobolds
  3 rats
31 creatures vanquished.

Notes
Turn   | Place    | Note
-------+----------+-------------------------------------------
     0 | D:1      | backslashecho the Mummy Fighter began the quest for the
                  | Orb.
     0 | D:1      | Reached XP level 1. HP: 18/18 MP: 1/1
    68 | D:1      | Found Omej's Distillery.
   599 | D:2      | Reached XP level 2. HP: 24/24 MP: 2/2
   875 | D:2      | Reached XP level 3. HP: 29/29 MP: 3/3
  1580 | D:2      | Slain by a gnoll

Illustrated notes

Levels and vault maps discovered:
D:1:      tarquinn_simple_flora_water_d, layout_rooms, serial_shops,
          nicolae_shop_industrial_runoff
D:2:      layout_loops_corners
D:3:      layout_loops_ring, chequers_arboretum

Skill      XL: |  1 |
---------------+----+-----
Maces & Flails | 2 |  2.6
Fighting       | |  3.4
Armour         | |  2.4
Shields        | |  2.8

Action                     || total
---------------------------++-------
  Melee: Flail             ||   118
  Throw: Dart              ||     3
 Armour: Scale mail        ||    74
  Dodge: Dodged            ||    47
  Block: Buckler           ||    25

Table legend: (Time is in decaauts)
 A = Elapsed time spent in this place.
 B = Non-inter-level travel time spent in this place.
 C = Inter-level travel time spent in this place.
 D = Time resting spent in this place.
 E = Time spent auto-exploring this place.
 F = Levels seen in this place.
 G = Mean time per level.
                   A        B        C        D        E       F      G
               +--------+--------+--------+--------+--------+-----+--------+
         Total |   1621 |   1446 |    175 |    114 |    855 |   3 |  540.3 |
       Dungeon |   1621 |   1446 |    175 |    114 |    855 |   3 |  540.3 |
               +--------+--------+--------+--------+--------+-----+--------+

Top non-repeatable levels by time:
     D:2: 929 daAuts
     D:1: 553 daAuts
     D:3: 137 daAuts
